 Dungeon Crawl Stone Soup version 0.31-a0-819-gf6de2f5ab6 (webtiles) character file.

Game seed: 8018152272394323805

136 pokeman the Magician (level 4, 0/25 HPs)
             Began as a Deep Elf Hedge Wizard on Sept 24, 2023.
             Killed by nerve-wracking pain
             ... invoked by Menkaure
              (13 damage)
             ... on level 4 of the Dungeon.
             The game lasted 00:05:34 (3222 turns).

pokeman the Magician (Deep Elf Hedge Wizard)        Turns: 3222, Time: 00:05:35

Health: 0/25       AC:  3    Str:  7    XL:     4   Next: 98%
Magic:  8/13       EV: 18    Int: 21    God:
Gold:   173        SH:  0    Dex: 14    Spells: 6/14 levels left

rFire   . . .        c - +1 whip (elec)
rCold   . . .        (no shield)
rNeg    . . .        b - +0 robe
rPois   .            o - +0 helmet
rElec   .            (no cloak)
rCorr   .            (no gloves)
SInv    .            (no boots)
Will    .....        (no amulet)
Stlth   ++           h - +5 ring of evasion
HPRegen 0.24/turn    (no ring)
MPRegen 0.13/turn

%: no passive effects
@: no status effects
A: no striking features
a: no special abilities


You were on level 4 of the Dungeon.
You visited 1 branch of the dungeon, and saw 4 of its levels.

You collected 173 gold pieces.

Inventory:

Hand Weapons
 c - a +1 whip of electrocution (weapon)
Armour
 b - a +0 robe (worn)
 e - a +0 ring mail of fire resistance
 o - a +0 helmet (worn)
Jewellery
 h - a +5 ring of evasion (left hand)
Wands
 a - a wand of polymorph (1)
Scrolls
 f - a scroll of poison {unknown}
 g - 3 scrolls of identify {unknown}
 j - a scroll of enchant weapon {unknown}
 l - 2 scrolls of revelation {unknown}
 m - 3 scrolls of fog {unknown}
 n - 2 scrolls of fear {unknown}
Potions
 d - 2 potions of magic
 i - a potion of heal wounds {unknown}
 k - a potion of brilliance {unknown}


   Skills:
 - Level 1.0 Fighting
 - Level 1.0 Armour
 + Level 2.9 Dodging
 - Level 3.0 Stealth
 * Level 5.9 Spellcasting
 + Level 2.4 Conjurations
 - Level 1.1 Summonings
 - Level 1.1 Translocations
 + Level 0.1 Air Magic
 + Level 0.3 Poison Magic
 + Level 0.2 Evocations


You had 6 spell levels left.
You knew the following spells:

 Your Spells              Type           Power      Damage    Failure   Level
a - Magic Dart            Conj           64%        1d6       3%          1
b - Mephitic Cloud        Conj/Pois/Air  10%        N/A       21%         3
c - Call Imp              Summ           20%        N/A       10%         2
d - Blink                 Tloc           20%        N/A       10%         2

Your spell library contained the following spells:

 Spells                   Type           Power      Damage    Failure   Level
 Slow                     Hex            24%        N/A       10%         1
 Lesser Beckoning         Tloc           20%        N/A       10%         2
 Cigotuvi's Dreadful Rot  Necr/Pois/Air  12%        N/A       14%         2
 Gell's Gravitas          Tloc           10%        N/A       19%         3
 Teleport Other           Tloc           10%        N/A       19%         3


Dungeon Overview and Level Annotations

Branches:
Dungeon (4/15)
 Temple: D:4-7

Altars:
Elyvilon

Annotations:
D:4 Menkaure


Message History

Confirm with . or Enter, or press ? or * to list all spells.
A tiny devil pulls itself out of the air.
Menkaure hits your cerulean imp! Menkaure hits your cerulean imp!
Your cerulean imp dies!
Your cerulean imp disappears in a puff of smoke!
Casting: Call Imp (safe; 10% risk of failure)
Confirm with . or Enter, or press ? or * to list all spells.
Aiming: Magic Dart (safe; 3% risk of failure)
Press: ? - help, Shift-Dir - straight line, f - quokka
Aim: a quokka (100% to hit)
The magic dart hits the quokka.
The quokka is lightly wounded.
Unknown command.
Casting: Magic Dart (safe; 3% risk of failure)
Confirm with . or Enter, or press ? or * to list all spells.
Aiming: Magic Dart (safe; 3% risk of failure)
Press: ? - help, Shift-Dir - straight line, f/p - quokka
Aim: a quokka (lightly wounded, 100% to hit)
The magic dart hits the quokka.
The quokka is almost dead.
The quokka misses you. The quokka bites you.
Unknown command.
You hit the quokka.
You kill the quokka!
You feel ready to blink again.
Casting: Magic Dart (safe; 3% risk of failure)
Confirm with . or Enter, or press ? or * to list all spells.
Aiming: Magic Dart (safe; 3% risk of failure)
Press: ? - help, Shift-Dir - straight line, f - Menkaure
Aim: Menkaure (100% to hit)
Okay, then.
Unknown command.
Menkaure calls on the powers of darkness!
Your body is wracked with pain!
You see here a quokka corpse.
Menkaure points at you and mumbles some strange words.
Pain shoots through your body!
Ouch! That really hurt!
You die...

#########
#<.......
#.#####.#
#?# #M#
#†# #.#
#@# #.#
..# .###
#. #


You could see Menkaure.

Vanquished Creatures
  Robin (D:3)
  4 adders
  A worm (D:3)
  A dart slug (D:1)
  8 orcs (D:3)
  6 ball pythons
  7 bats
  2 endoplasms
  A giant cockroach (D:1)
  14 goblins
  9 hobgoblins
  2 quokkas
  A frilled lizard (D:1)
  10 kobolds
  6 rats
73 creatures vanquished.

Notes
Turn   | Place    | Note
-------+----------+-------------------------------------------
     0 | D:1      | pokeman the Deep Elf Hedge Wizard began the quest for the
                  | Orb.
     0 | D:1      | Reached XP level 1. HP: 10/10 MP: 7/7
   184 | D:1      | Reached XP level 2. HP: 16/16 MP: 0/9
   894 | D:1      | Reached skill level 5 in Spellcasting
  1170 | D:1      | Reached XP level 3. HP: 20/20 MP: 4/11
  1174 | D:1      | Learned a level 3 spell: Mephitic Cloud
  1177 | D:1      | Learned a level 2 spell: Call Imp
  1180 | D:1      | Learned a level 2 spell: Blink
  1594 | D:2      | Reached skill level 1 in Fighting
  1594 | D:2      | Reached skill level 1 in Armour
  2116 | D:2      | Reached XP level 4. HP: 25/25 MP: 7/13
  2581 | D:3      | Noticed Robin
  2586 | D:3      | Found a white marble altar of Elyvilon.
  2721 | D:3      | Killed Robin
  3213 | D:4      | Noticed Menkaure
  3222 | D:4      | Killed from afar by Menkaure

Illustrated notes

Levels and vault maps discovered:
D:1:      denvon_arrival_hothouse, layout_loops_corners, st_stairs_2
D:2:      layout_basic, kennysheep_generic_room_8
D:3:      layout_rooms, old_standard_altar, serial_bayou_pond_d, uniq_robin
D:4:      layout_loops_ring, uniq_menkaure

Skill      XL: |  1  2  3  4 |
---------------+-------------+-----
Spellcasting   | 5 |  5.9
Fighting       | 1 |  1.0
Armour         | 1 |  1.0
Conjurations   | 2 |  2.4
Stealth        | 3 |  3.0
Dodging        | |  2.9
Summonings     | |  1.1
Translocations | |  1.1
Air Magic      | |  0.1
Poison Magic   | |  0.3
Evocations     | |  0.2

Action                     |  1- 3 |  4- 6 || total
---------------------------+-------+-------++-------
  Melee: Dagger            |     3 |     6 ||     9
         Mace              |       |    28 ||    28
         Whip              |       |     1 ||     1
   Cast: Magic Dart        |   102 |    65 ||   167
         Mephitic Cloud    |       |     1 ||     1
         Blink             |       |     1 ||     1
         Call Imp          |       |     1 ||     1
 Armour: Robe              |     5 |    25 ||    30
  Dodge: Dodged            |    15 |    37 ||    52

Table legend: (Time is in decaauts)
 A = Elapsed time spent in this place.
 B = Non-inter-level travel time spent in this place.
 C = Inter-level travel time spent in this place.
 D = Time resting spent in this place.
 E = Time spent auto-exploring this place.
 F = Levels seen in this place.
 G = Mean time per level.
                   A        B        C        D        E       F      G
               +--------+--------+--------+--------+--------+-----+--------+
         Total |   3232 |   3172 |     60 |     80 |   2700 |   4 |  808.0 |
       Dungeon |   3232 |   3172 |     60 |     80 |   2700 |   4 |  808.0 |
               +--------+--------+--------+--------+--------+-----+--------+

Top non-repeatable levels by time:
     D:1: 1488 daAuts
     D:2: 971 daAuts
     D:3: 763 daAuts
     D:4: 8 daAuts
